Map: 어스름 탑

Players

Emotion

  • Race: Protoss Protoss
  • League: Master

llllllllllll (Scarlett) - Winner!

  • Race: Zerg Zerg
  • League: Grandmaster

VOD

Have the link to the VOD?

Description

Time

  • Played on: April 10, 2016, 11:06 a.m.
  • Length: 12:05
Show
View Real Time Build Order
Export as new Build Order

Emotion Protoss 

Build Orders: 1 Gate Expand 

Get SALT Encoding   

  12  0:01  Probe (Chrono Boost)  
  13  0:11  Probe (Chrono Boost)  
  14  0:19  Pylon  
  14  0:22  Probe (Chrono Boost)  
  15  0:37  Probe (Chrono Boost)  
  16  0:42  Gateway  
  16  0:48  Probe (Chrono Boost)  
  16  0:49  Assimilator  
  17  0:58  Probe (Chrono Boost)  
  18  1:09  Probe (Chrono Boost)  
  19  1:21  Nexus  
  19  1:32  Cybernetics Core, Probe (Chrono Boost)  
  20  1:40  Assimilator  
  20  1:43  Probe (Chrono Boost)  
  21  1:49  Pylon  
  21  1:58  Probe (Chrono Boost)  
  22  2:09  Mothership Core (Chrono Boost)  
  22  2:11  Pylon  
  24  2:16  Forge  
  24  2:29  Stalker (Chrono Boost)  
  26  2:52  Photon Cannon x2  
  26  3:02  Photon Cannon  
  26  3:15  Robotics Facility  
  26  3:23  Probe  
  26  3:25  Probe  
  28  3:33  Pylon  
  30  3:48  Cybernetics Core  
  30  3:53  Gateway  
  28  4:03  Immortal (Chrono Boost)  
  32  4:13  Photon Cannon  
  31  4:24  Gateway  
  31  4:37  Immortal (Chrono Boost)  
  35  4:40  Cybernetics Core  
  35  4:42  Sentry (Chrono Boost)  
  37  4:53  Photon Cannon  
  37  4:55  Photon Cannon  
  37  5:04  Twilight Council  
  37  5:15  Immortal (Chrono Boost)  
  41  5:35  Stalker  
  43  5:36  Probe  
  43  5:37  Probe  
  43  5:42  Blink (Chrono Boost)  
  45  5:48  Warp Prism  
  45  5:54  Cybernetics Core  
  47  6:10  Pylon, Probe x2  
  45  6:19  Immortal  
  45  6:22  Photon Cannon  
  49  6:27  Warp Gate (Chrono Boost)  
  49  6:34  Stalker  
  49  6:37  Probe x2  
  53  6:52  Gateway  
  53  6:53  Gateway  
  53  7:04  Stalker  
  53  7:07  Gateway  
  55  7:08  Probe  
  55  7:09  Probe  
  55  7:10  Observer  
  58  7:18  Pylon  
  58  7:27  Dark Shrine  
  58  7:28  Probe x2  
  60  7:40  Probe  
  60  7:43  Probe  
  62  7:45  Assimilator  
  62  7:52  Probe, Stalker (Chrono Boost)  
  62  7:56  Stalker (Chrono Boost)  
  69  7:59  Stalker (Chrono Boost)  
  69  8:02  Pylon  
  69  8:08  Pylon  
  69  8:18  Probe  
  70  8:20  Probe  
  70  8:22  Assimilator  
  70  8:27  Pylon  
  69  8:46  Stalker x3  
  75  8:49  Stalker  
  77  9:05  Probe x2  
  77  9:06  Pylon  
  77  9:08  Sentry  
  81  9:11  Stalker x3  
  77  9:33  Stalker x2  
  77  9:34  Stalker x2  
  83  9:42  Protoss Ground Weapons Level 1 (Chrono Boost)  
  83  9:43  Gateway  
  83  9:45  Gateway  
  79  9:53  Photon Cannon  
  79  9:59  Stalker x4  
  87  10:05  Photon Cannon  
  81  10:21  Stalker  
  81  10:22  Stalker x2  
Show
View Real Time Build Order
Export as new Build Order

llllllllllll Zerg - Winner!

Build Orders: Hatch First 

Get SALT Encoding   

  12  0:00  Drone  
  13  0:08  Drone  
  14  0:19  Overlord  
  14  0:23  Extractor, Drone  
  15  0:37  Drone  
  15  0:38  Drone  
  17  0:53  Hatchery  
  17  0:56  Drone  
  17  0:59  Drone  
  18  1:07  Extractor  
  17  1:14  Spawning Pool  
  17  1:17  Drone  
  17  1:20  Drone  
  18  1:27  Drone  
  19  1:38  Overlord  
  19  2:00  Zergling x2  
  19  2:01  Zergling x2  
  21  2:05  Queen  
  21  2:06  Zergling x2  
  24  2:10  Metabolic Boost  
  24  2:13  Spine Crawler  
  23  2:18  Spine Crawler  
  23  2:20  Zergling x2  
  23  2:26  Spine Crawler  
  22  2:31  Zergling x2  
  23  2:41  Queen  
  23  2:43  Zergling x2  
  25  2:58  Drone  
  25  2:59  Drone x2  
  27  3:21  Drone x3  
  27  3:22  Drone x2  
  32  3:36  Drone x2  
  32  3:38  Roach Warren  
  32  3:39  Extractor  
  32  3:53  Drone x2  
  34  4:03  Drone  
  34  4:08  Overlord x2  
  35  4:12  Hatchery  
  34  4:20  Drone  
  35  4:30  Roach  
  37  4:32  Hatchery  
  37  4:33  Roach  
  38  4:48  Queen  
  38  4:49  Roach x2  
  44  4:53  Ravager  
  44  4:54  Ravager  
  46  5:00  Roach x2  
  46  5:02  Drone  
  46  5:04  Drone  
  51  5:22  Overlord  
  51  5:31  Ravager  
  51  5:32  Ravager x3  
  51  5:34  Drone  
  51  5:35  Drone  
  57  5:36  Overlord  
  57  5:43  Drone  
  57  5:44  Drone  
  57  5:45  Drone x3  
  57  5:47  Drone  
  63  6:06  Drone x11  
  74  6:27  Lair  
  74  6:28  Queen x2  
  74  6:30  Overlord x2  
  73  6:52  Drone x3  
  73  6:53  Drone x2  
  78  6:55  Drone x3  
  78  6:57  Queen  
  78  6:58  Overlord x2  
  78  6:59  Overlord  
  83  7:08  Drone x4  
  87  7:20  Zergling x6  
  90  7:23  Zergling x4  
  90  7:29  Overseer  
  92  7:30  Queen, Spire  
  92  7:32  Zergling x2  
  92  7:33  Zergling x2  
  95  7:40  Drone  
  95  7:41  Drone x9  
  95  7:44  Extractor x2, Zergling x4  
  105  7:53  Overlord  
  105  7:54  Overlord  
  105  8:08  Drone x2  
  107  8:12  Extractor  
  107  8:13  Extractor, Zergling x12  
  107  8:16  Zergling x6  
  114  8:32  Overlord  
  114  8:33  Overlord  
  114  8:40  Queen, Overlord  
  114  8:41  Overlord x3, Hatchery  
  115  8:45  Mutalisk x7  
  115  8:46  Hatchery  
  127  8:58  Mutalisk x3  
  131  9:07  Mutalisk x2  
  131  9:09  Zergling x6  
  134  9:18  Zergling x14  
  136  9:31  Mutalisk x4  
  144  9:40  Zerg Flyer Weapons Level 1  
  144  9:44  Mutalisk  
  142  9:46  Overlord x3, Extractor  
  142  9:49  Extractor  
  140  9:54  Zergling x8  
  140  9:56  Zergling x6  
  140  9:57  Queen  
  140  9:58  Zergling x4  
  151  10:06  Zergling x4  
  151  10:07  Zergling x8  
  154  10:19  Mutalisk  
  154  10:20  Mutalisk x4  
  152  10:22  Zergling x8  
  154  10:30  Mutalisk x2  
  158  10:35  Mutalisk x2  
  158  10:47  Mutalisk x2  
  158  10:52  Zergling x6  
  158  10:53  Zergling x24  
  158  11:02  Mutalisk x2  
  158  11:11  Mutalisk x3  
  158  11:13  Zergling x12  
  158  11:36  Overlord  
  158  11:39  Evolution Chamber  
  158  11:40  Evolution Chamber  
Tags
 
Add a new tag
Caveats
  • Supply blocks, unpowered buildings, or Contaminate may cause inaccurate times.
  • Supply counts are checked every 10 seconds.